 Dungeon Crawl Stone Soup version 0.30.0-16-gbe6223bb7e (webtiles) character file.

Game seed: 4689770544374553589

88 Demosthentine the Ducker (level 4, -3/34 HPs)
             Began as a Demonspawn Gladiator on May 20, 2023.
             Slain by Sigmund
             ... wielding a +2 scythe of protection
              (16 damage)
             ... on level 2 of the Dungeon.
             The game lasted 00:01:29 (1545 turns).

Demosthentine the Ducker (Demonspawn Gladiator)     Turns: 1545, Time: 00:01:30

Health: -3/34      AC:  3    Str: 16    XL:     4   Next: 30%
Magic:  4/4        EV:  9    Int: 10    God:
Gold:   76         SH:  0    Dex: 14    Spells: 3/3 levels left

rFire   . . .        a - +0 trident
rCold   . . .        (no shield)
rNeg    . . .        b - +0 leather armour
rPois   .            (helmet restricted)
rElec   .            (no cloak)
rCorr   .            (no gloves)
SInv    .            (no boots)
Will    .....        (no amulet)
Stlth   +            (no ring)
HPRegen 0.25/turn    (no ring)
MPRegen 0.09/turn

%: no passive effects
@: grasped by roots, constricted
A: antennae 1, foul stench 1, demonic touch 1
a: no special abilities


You were on level 2 of the Dungeon.
You visited 1 branch of the dungeon, and saw 2 of its levels.

You collected 76 gold pieces.

Inventory:

Hand Weapons
 a - a +0 trident (weapon)
Missiles
 e - a javelin (quivered)
Armour
 b - a +0 leather armour (worn)
Jewellery
 j - a ring of protection from fire
Wands
 k - a wand of polymorph (13)
Scrolls
 i - a scroll of blinking
Potions
 f - 2 potions of resistance
 g - a potion of brilliance
 h - a potion of cancellation {unknown}


   Skills:
 + Level 2.8 Fighting
 + Level 3.2 Polearms
 - Level 1.7 Throwing
 + Level 1.5 Armour
 + Level 3.3 Dodging


You had 3 spell levels left.
You didn't know any spells.
Your spell library was empty.

Dungeon Overview and Level Annotations

Branches:
Dungeon (2/15)

Altars:

Annotations:
D:2 Sigmund


Innate Abilities, Weirdness & Mutations

You have a pair of small antennae on your head.
You may rarely emit foul miasma when damaged in melee.
Your touch may inflict minor irresistible damage on your foes.


Message History

Sigmund closely misses you.
Throw: throwing net
Press: ? - help, Q - select action, (/) - cycle Shift-Dir - straight line, f/p - Sigmund
Aim: Sigmund, wielding a +2 scythe of protection, wearing a +2 robe of cold resistance and carrying a wand of roots (10) (moderately wounded, strong, 55% to hit)
You throw a throwing net. The throwing net hits Sigmund.
Sigmund is caught in the net!
Sigmund is moderately wounded.
Sigmund zaps a wand.
The roots erupt in riotous growth!
The grasping roots grab you! The grasping roots constrict you.
Sigmund struggles against the net.
You reach to attack!
You hit Sigmund.
Sigmund is moderately wounded.
You reach to attack!
You hit Sigmund.
Sigmund is heavily wounded.
The grasping roots constrict you.
Sigmund struggles against the net.
The grasping roots release their grip on you.
You reach to attack!
You hit Sigmund but do no damage.
Sigmund is heavily wounded.
Sigmund struggles against the net.
You reach to attack!
You hit Sigmund but do no damage.
Sigmund is heavily wounded.
Sigmund points at you and mumbles some strange words.
The magic dart hits you.
Sigmund struggles against the net.
You reach to attack!
You barely miss Sigmund.
Sigmund is heavily wounded.
You reach to attack!
You puncture Sigmund!
Sigmund is severely wounded.
Sigmund says, "Don't worry, I'll kill you fast."
Sigmund casts a spell.
Sigmund flickers and vanishes!
Something wriggles in the net.
No target in view!
Unknown command.
You hear a zap.
The roots erupt in riotous growth!
The grasping roots grab you!
You are constricted!
Something wriggles in the net.
All of a sudden the net rips apart!
You closely miss something. You closely miss something. Something hits you!
You die...

#..#.....###..#
######..##...## ..#
...##..###)..###..#
#####.##..###.#.##.#
#.............#.#<##
#.###.##..###.#..## #.#
#.##..###.#)#.##
##.###.##...........#.
#..()...{@..............
#..###.##.####.#.#.####.
#..# #.##... >.#....
#.####..###.#######.......
#.......))).# #####.#..
######..##### ... #..#
#..# #..#


There were no monsters in sight!

Vanquished Creatures
  Robin (D:2)
  4 gnolls
  A worm (D:2)
  A ball python (D:2)
  2 endoplasms (D:1)
  2 giant cockroaches
  3 hobgoblins (D:1)
  2 jackals (D:1)
  2 kobolds (D:1)
  4 bats (D:1)
  3 frilled lizards (D:1)
  10 goblins
  2 rats
37 creatures vanquished.

Notes
Turn   | Place    | Note
-------+----------+-------------------------------------------
     0 | D:1      | Demosthentine the Demonspawn Gladiator began the quest for
                  | the Orb.
     0 | D:1      | Reached XP level 1. HP: 16/16 MP: 1/1
   282 | D:1      | Discovered your monstrous ancestry.
   282 | D:1      | Gained mutation: Your touch may inflict minor irresistible
                  | damage on your foes. [demonic ancestry]
   282 | D:1      | Reached XP level 2. HP: 14/22 MP: 2/2
  1070 | D:1      | Reached skill level 1 in Armour
  1070 | D:1      | Gained mutation: You may rarely emit foul miasma when
                  | damaged in melee. [demonic ancestry]
  1070 | D:1      | Reached XP level 3. HP: 19/28 MP: 3/3
  1382 | D:2      | Noticed Robin
  1391 | D:2      | Gained mutation: You have a pair of small antennae on your
                  | head. [demonic ancestry]
  1391 | D:2      | Reached XP level 4. HP: 29/34 MP: 4/4
  1396 | D:2      | Killed Robin
  1482 | D:2      | Noticed Sigmund
  1545 | D:2      | Slain by Sigmund

Illustrated notes

Levels and vault maps discovered:
D:1:      scummos_arrival_simple_fountains, layout_loops_corners
D:2:      layout_loops_ring, basic_altar, kennysheep_path_1, uniq_sigmund,
          uniq_robin

Skill      XL: |  1  2 |
---------------+-------+-----
Dodging        | 3 |  3.3
Polearms       | 3 |  3.2
Armour         | 1 |  1.5
Fighting       | |  2.8
Throwing       | |  1.7

Action                     |  1- 3 |  4- 6 || total
---------------------------+-------+-------++-------
  Melee: Trident           |   100 |    30 ||   130
         Touch             |     5 |     3 ||     8
         Punch             |       |     1 ||     1
  Throw: Throwing net      |       |     3 ||     3
    Use: Scroll            |     4 |       ||     4
   Stab: Sleeping          |     2 |       ||     2
         Held in net/web   |       |     1 ||     1
 Armour: Leather armour    |    22 |     1 ||    23
  Dodge: Dodged            |    61 |    11 ||    72
